 Dungeon Crawl Stone Soup version 0.30-a0-347-gf58ed5266c (webtiles) character file.

Game seed: 17826678748371844933

17582 twist the Nimble (level 12, -4/97 HPs)
             Began as a Gnoll Monk on Nov 6, 2022.
             Was an Initiate of Gozag.
             Slain by a white ugly thing (7 damage)
             ... in an ice cave.
             The game lasted 00:25:37 (13369 turns).

twist the Nimble (Gnoll Monk)                      Turns: 13369, Time: 00:25:38

Health: -4/97      AC: 20    Str: 19    XL:     12   Next: 49%
Magic:  23/23      EV: 17    Int: 14    God:    Gozag
Gold:   2182       SH:  5    Dex: 14    Spells: 10/26 levels left

rFire   . . .      SeeInvis +    C - +3 morningstar (flame)
rCold   + + +      Faith    .    (no shield)
rNeg    + + .      Spirit   .    J - +4 skin of Zhor {*Englaciate rC+++ SInv}
rPois   +          Reflect  +    d - +2 helmet
rElec   .          Harm     .    p - +0 cloak
rCorr   .          Rampage  .    E - +2 pair of gloves {Str+3}
Will    .....                    r - +0 pair of boots of Darkness {rN++ Str+4}
Stlth   ++++......               n - amulet of reflection
HPRegen 0.36/turn                e - +4 ring of protection
MPRegen 0.18/turn                k - ring of poison resistance

@: gold aura
A: fangs 1, strong nose, distributed training
a: Renounce Religion, Potion Petition, Call Merchant, Bribe Branch


You were in an ice cave.
You worshipped Gozag.
Gozag was most pleased with you.
You visited 3 branches of the dungeon, and saw 15 of its levels.
You also visited: Sewer and Ice Cave.

You collected 2182 gold pieces.

Inventory:

Hand Weapons
 w - the +5 hand axe of True Grit {freeze, Will- Dex+3 Stlth+}
   (You found it on level 4 of the Dungeon)

   It freezes those it strikes, dealing additional cold damage.
   It can also slow down cold-blooded creatures.
   Dex:       It affects your dexterity (+3).
   Will:      It decreases your willpower.
   Stlth:     It makes you more stealthy.
 y - a +2 antimagic demon trident
 C - a +3 morningstar of flaming (weapon)
Missiles
 b - a throwing net
 m - 50 poisoned darts (quivered)
 v - a curare-tipped dart
Armour
 a - a +1 pair of boots
 c - a +2 robe of fire resistance
 d - a +2 helmet (worn)
 p - a +0 cloak (worn)
 r - the +0 pair of boots of Darkness (worn) {rN++ Str+4}
   (You found it on level 1 of the Lair of Beasts)

   Str:       It affects your strength (+4).
   rN:        It greatly protects you from negative energy.
 A - +0 steam dragon scales
 E - a +2 pair of gloves of strength (worn)
 J - the +4 skin of Zhor (worn) {*Englaciate rC+++ SInv}
   (You found it on level 9 of the Dungeon)

   It radiates cold, occasionally slowing all nearby creatures who are not
   resistant to cold.
   rC:        It renders you almost immune to cold.
   SInv:      It lets you see invisible.
Jewellery
 e - a +4 ring of protection (left hand)
 j - a +4 ring of evasion
 k - a ring of poison resistance (right hand)
 n - an amulet of reflection (around neck)
 x - a ring of protection from cold
 O - a +4 ring of protection
Wands
 u - a wand of acid (5)
 B - a wand of polymorph (5)
 I - a wand of charming (10)
 K - a wand of flame (14)
Scrolls
 f - 5 scrolls of poison
 g - 7 scrolls of teleportation
 h - a scroll of magic mapping
 i - 2 scrolls of enchant weapon
 l - 3 scrolls of identify
 o - 2 scrolls of silence
 F - a scroll of butterflies
Potions
 q - 5 potions of brilliance
 s - a potion of magic
 t - 5 potions of flight
 D - a potion of lignification
 G - 2 potions of attraction
 L - 2 potions of mutation
 M - a potion of might
 N - a potion of cancellation


   Skills:
 + Level 10.1 Fighting
 + Level 7.6 Short Blades
 + Level 7.6 Long Blades
 + Level 7.6 Axes
 + Level 10.1 Maces & Flails
 + Level 7.6 Polearms
 + Level 7.6 Staves
 + Level 7.6 Ranged Weapons
 + Level 7.6 Throwing
 + Level 7.6 Armour
 + Level 10.1 Dodging
 + Level 8.8 Stealth
 + Level 7.6 Shields
 + Level 7.6 Unarmed Combat
 + Level 7.6 Spellcasting
 + Level 6.3 Conjurations
 + Level 6.3 Hexes
 + Level 6.3 Summonings
 + Level 6.3 Necromancy
 + Level 6.3 Translocations
 + Level 6.3 Transmutations
 + Level 6.3 Fire Magic
 + Level 6.3 Ice Magic
 + Level 6.3 Air Magic
 + Level 6.3 Earth Magic
 + Level 6.3 Poison Magic
 + Level 8.3 Invocations
 + Level 7.6 Evocations


You had 10 spell levels left.
You knew the following spells:

 Your Spells              Type           Power      Damage    Failure   Level
a - Storm Form            Tmut/Air       11%        N/A       100%        7
b - Manifold Assault      Tloc           23%        N/A       10%         4
c - Blink                 Tloc           46%        N/A       1%          2
d - Ozocubu's Armour      Ice            23%        N/A       3%          3

Your spell library contained the following spells:

 Spells                   Type           Power      Damage    Failure   Level
 Freeze                   Ice            92%        1d9       1%          1
 Frozen Ramparts          Ice            46%        1d7       3%          3
 Hailstorm                Conj/Ice       23%        3d7       3%          3
 Ozocubu's Refrigeration  Ice            11%        4d10      100%        7


Dungeon Overview and Level Annotations

Branches:
Dungeon (11/15)            Temple (1/1) D:6            Lair (3/5) D:11
  Swamp (0/4) Lair:3       Spider (0/4) Lair:3          Orc (0/2) D:10
  Sewer (visited)           IceCv (1/1)

Altars:
Ashenzari
Cheibriados
Dithmenos
Elyvilon
Fedhas
Gozag
Hepliaklqana
Kikubaaqudgha
Makhleb
Nemelex Xobeh
Okawaru
Qazlal
Ru
Sif Muna
Trog
Uskayaw
Vehumet
Wu Jian
Xom
Yredelemnul
Zin
The Shining One

Shops:
D:8 *   D:10 (

Annotations:
D:6 2 runed translucent doors, wzrd's ghost, novice GrEE
D:8 exclusion: ugly thing


Innate Abilities, Weirdness & Mutations

You have very sharp teeth.
Your uncanny sense of smell can sniff out nearby items.
Your experience applies equally to all skills.


Message History

The cane toad simulacrum closely misses you.
The white ugly thing barely misses you.
You hit the white ugly thing. You burn the white ugly thing.
The white ugly thing is heavily wounded.
The cane toad simulacrum is distracted by your dazzling golden aura.
The white ugly thing headbutts you but does no damage.
You closely miss the white ugly thing. You punch the white ugly thing.
You bite the white ugly thing, but do no damage.
The white ugly thing is heavily wounded.
The white ugly thing headbutts you!
* * * LOW HITPOINT WARNING * * *
The white ugly thing freezes you. You resist.
* * * LOW HITPOINT WARNING * * *
Unknown command.
You feel better.
The dire elephant simulacrum barely misses you.
The dire elephant simulacrum misses you.
The white ugly thing headbutts you but does no damage.
You hit the white ugly thing. You burn the white ugly thing.
Your punch misses the white ugly thing.
The white ugly thing is severely wounded.
The dire elephant simulacrum tramples you!
* * * LOW HITPOINT WARNING * * *
You stumble backwards!
Found a great sword, a chain mail and a tiny beryl amulet.
Unknown command.
You hit the white ugly thing. You burn the white ugly thing.
Your punch misses the white ugly thing.
The white ugly thing is severely wounded.
The cane toad simulacrum is no longer distracted by gold.
The white ugly thing closely misses you.
Unknown command.
You barely miss the white ugly thing.
The white ugly thing is severely wounded.
You block the cane toad simulacrum's attack.
The dire elephant simulacrum barely misses you.
The dire elephant simulacrum completely misses you.
The white ugly thing headbutts you!
You die...
Your body crumbles into a pile of gold.

##.......
##.........
#.......8..
#........."
#∩$$.....$[
#.........)
$
#.......8..
##ZuZ......
##@.......
##.......
###...#
####


You could see a white ugly thing, a dire elephant simulacrum and a cane toad
simulacrum.

Vanquished Creatures
  A cyclops (D:11)
  7 elephants
  Joseph (D:7)
  A molten gargoyle (Lair:2)
  3 black mambas
  A torpor snail (Lair:3)
  2 cane toads (Lair:1)
  2 orange demons (D:9)
  An unseen horror (D:11)
  2 rime drakes
  A komodo dragon (D:11)
  A red devil (D:9)
  A troll (D:11)
  Grinder (D:4)
  5 blink frogs (Lair:1)
  Sigmund (D:2)
  2 vampires
  A shadow (D:10)
  2 ynoxinuls (D:9)
  3 wyverns
  16 yaks
  A wraith (D:9)
  2 steam dragons
  2 vampire mosquitoes (D:11)
  A chaos spawn (D:9)
  An acid dragon (D:11)
  4 water moccasins
  3 ice beasts
  7 orc warriors
  3 black bears
  3 wolves (Lair:1)
  A sky beast (D:6)
  4 ogres
  4 centaurs
  A phantom (D:6)
  5 kobold brigands
  6 bullfrogs
  A gnoll sergeant (D:6)
  A cane toad simulacrum (IceCv)
  2 scorpions (D:6)
  4 wights (D:6)
  A howler monkey (D:10)
  An electric eel (Lair:2)
  3 quasits (D:9)
  A hound (D:5)
  A jelly (D:6)
  2 orc priests (D:10)
  A gnoll bouda (D:5)
  4 orc wizards
  4 iguanas
  A polar bear simulacrum (IceCv)
  A wolf simulacrum (IceCv)
  Robin (D:2)
  7 gnolls
  7 adders
  5 river rats
  3 white imps
  2 dart slugs
  34 orcs
  4 ball pythons
  7 bats
  6 endoplasms
  4 giant cockroaches
  14 goblins
  14 hobgoblins
  A jackal (Sewer)
  30 kobolds
  3 quokkas
  8 rats
281 creatures vanquished.

Vanquished Creatures (others)
  A howler monkey (D:5)
  A demonic plant (D:9)
  A fungus (Lair:2)
  6 plants
9 creatures vanquished.

Grand Total: 290 creatures vanquished

Notes
Turn   | Place    | Note
-------+----------+-------------------------------------------
     0 | D:1      | twist the Gnoll Monk began the quest for the Orb.
     0 | D:1      | Reached XP level 1. HP: 23/23 MP: 1/1
   195 | D:1      | Reached XP level 2. HP: 29/29 MP: 2/2
   535 | D:1      | Reached XP level 3. HP: 35/35 MP: 3/3
   900 | D:2      | Noticed Sigmund
   938 | D:2      | Killed Sigmund
   939 | D:2      | Reached skill level 1 in Short Blades
   939 | D:2      | Reached skill level 1 in Long Blades
   939 | D:2      | Reached skill level 1 in Axes
   939 | D:2      | Reached skill level 1 in Polearms
   939 | D:2      | Reached skill level 1 in Staves
   939 | D:2      | Reached skill level 1 in Ranged Weapons
   939 | D:2      | Reached skill level 1 in Throwing
   939 | D:2      | Reached skill level 1 in Armour
   939 | D:2      | Reached skill level 1 in Shields
   939 | D:2      | Reached skill level 1 in Unarmed Combat
   939 | D:2      | Reached skill level 1 in Spellcasting
   939 | D:2      | Reached skill level 1 in Conjurations
   939 | D:2      | Reached skill level 1 in Hexes
   939 | D:2      | Reached skill level 1 in Summonings
   939 | D:2      | Reached skill level 1 in Necromancy
   939 | D:2      | Reached skill level 1 in Translocations
   939 | D:2      | Reached skill level 1 in Transmutations
   939 | D:2      | Reached skill level 1 in Fire Magic
   939 | D:2      | Reached skill level 1 in Ice Magic
   939 | D:2      | Reached skill level 1 in Air Magic
   939 | D:2      | Reached skill level 1 in Earth Magic
   939 | D:2      | Reached skill level 1 in Poison Magic
   939 | D:2      | Reached skill level 1 in Invocations
   939 | D:2      | Reached skill level 1 in Evocations
   939 | D:2      | Reached XP level 4. HP: 18/41 MP: 4/6
   939 | D:2      | Reached XP level 5. HP: 21/47 MP: 4/7
  1284 | D:2      | Noticed Robin
  1337 | D:2      | Killed Robin
  1338 | D:2      | Reached XP level 6. HP: 49/53 MP: 8/8
  1530 | D:2      | Found an iron altar of Okawaru.
  1971 | D:3      | Found a shadowy altar of Dithmenos.
  2579 | D:4      | Noticed Grinder
  2632 | D:4      | Killed Grinder
  2633 | D:4      | Reached XP level 7. HP: 24/60 MP: 10/10
  2808 | D:4      | Found a glowing drain.
  2858 | Sewer    | Entered a sewer
  3021 | Sewer    | Found a white marble altar of Elyvilon.
  3152 | D:4      | Found a glowing silver altar of Zin.
  3173 | D:4      | Reached skill level 5 in Stealth
  3289 | D:4      | Identified the +5 hand axe of True Grit {freeze, Will-
                  | Dex+3 Stlth+}
  3310 | D:4      | Found a hazy altar of Hepliaklqana.
  3556 | D:5      | Entered Level 5 of the Dungeon
  3713 | D:5      | Reached XP level 8. HP: 67/67 MP: 12/12
  4835 | D:6      | Found a staircase to the Ecumenical Temple.
  4884 | Temple   | Entered the Ecumenical Temple
  4941 | D:6      | Reached XP level 9. HP: 60/73 MP: 14/14
  5595 | D:6      | Found a large runed translucent door.
  5595 | D:6      | Found a large runed translucent door.
  5598 | D:6      | Noticed wzrd's ghost (novice GrEE)
  5790 | D:6      | Learned a level 7 spell: Storm Form
  5795 | D:6      | Learned a level 4 spell: Manifold Assault
  5798 | D:6      | Learned a level 2 spell: Blink
  5827 | Temple   | Became a worshipper of Gozag Ym Sagoz the Greedy
  5991 | D:7      | Found an iron altar of Okawaru.
  6028 | D:7      | Reached skill level 5 in Invocations
  6320 | D:7      | Found a sacrificial altar of Ru.
  6425 | D:7      | Noticed Joseph
  6440 | D:7      | Killed Joseph
  6765 | D:8      | Reached skill level 5 in Short Blades
  6765 | D:8      | Reached skill level 5 in Long Blades
  6765 | D:8      | Reached skill level 5 in Axes
  6765 | D:8      | Reached skill level 5 in Polearms
  6765 | D:8      | Reached skill level 5 in Staves
  6765 | D:8      | Reached skill level 5 in Ranged Weapons
  6765 | D:8      | Reached skill level 5 in Throwing
  6765 | D:8      | Reached skill level 5 in Armour
  6765 | D:8      | Reached skill level 5 in Shields
  6765 | D:8      | Reached skill level 5 in Unarmed Combat
  6765 | D:8      | Reached skill level 5 in Spellcasting
  6765 | D:8      | Reached skill level 5 in Evocations
  6765 | D:8      | Reached XP level 10. HP: 69/81 MP: 17/17
  7044 | D:8      | Found Dehac's Fire Supplies.
  7137 | D:8      | Learned a level 3 spell: Ozocubu's Armour
  7538 | D:8      | Noticed a white ugly thing
  8198 | D:9      | Noticed an orange demon
  8230 | D:9      | Found the +4 skin of Zhor {*Englaciate rC+++ SInv}
  8280 | D:9      | Noticed an orange demon
  8334 | D:9      | Killed an orange demon
  8774 | D:9      | Killed an orange demon
  9039 | D:10     | Entered Level 10 of the Dungeon
  9045 | D:10     | Reached skill level 5 in Conjurations
  9045 | D:10     | Reached skill level 5 in Hexes
  9045 | D:10     | Reached skill level 5 in Summonings
  9045 | D:10     | Reached skill level 5 in Necromancy
  9045 | D:10     | Reached skill level 5 in Translocations
  9045 | D:10     | Reached skill level 5 in Transmutations
  9045 | D:10     | Reached skill level 5 in Fire Magic
  9045 | D:10     | Reached skill level 5 in Ice Magic
  9045 | D:10     | Reached skill level 5 in Air Magic
  9045 | D:10     | Reached skill level 5 in Earth Magic
  9045 | D:10     | Reached skill level 5 in Poison Magic
  9053 | D:10     | Reached XP level 11. HP: 75/89 MP: 20/20
  9127 | D:10     | Found a snail-covered altar of Cheibriados.
  9128 | D:10     | Found a white marble altar of Elyvilon.
  9431 | D:10     | Found a staircase to the Orcish Mines.
  9790 | D:10     | Found Xant's Antique Weapon Shoppe.
 10112 | D:11     | Found a staircase to the Lair.
 10307 | D:11     | Noticed a cyclops
 10319 | D:11     | Killed a cyclops
 10926 | Lair:1   | Entered Level 1 of the Lair of Beasts
 10971 | Lair:1   | HP: 4/89 [cane toad (13)]
 10976 | Lair:1   | HP: 2/89 [blink frog (10)]
 11364 | Lair:1   | Identified the +0 pair of boots of Darkness {rN++ Str+4}
 12029 | Lair:2   | Reached XP level 12. HP: 84/97 MP: 22/22
 12422 | Lair:2   | Reached skill level 10 in Fighting
 12422 | Lair:2   | Reached skill level 10 in Maces & Flails
 12422 | Lair:2   | Reached skill level 10 in Dodging
 13318 | Lair:3   | Found a frozen archway.
 13334 | Lair:3   | Noticed a death yak
 13335 | Lair:3   | Noticed a death yak
 13343 | IceCv    | Entered an ice cave
 13367 | IceCv    | HP: 2/97 [dire elephant simulacrum (17)]
 13369 | IceCv    | Slain by a white ugly thing

Illustrated notes

Levels and vault maps discovered:
D:1:      dpeg_arrival_concentric_ovals, layout_basic, kennysheep_boxes
D:2:      layout_loops_ring, basic_altar, nicolae_figureground_pulse,
          uniq_sigmund, uniq_robin
D:3:      layout_loops_ring, nicolae_dithmenos_shadow_blocks
D:4:      layout_gridville, mainiacjoe_overflow_alcove_1,
          nicolae_hepliaklqana_hippocampus, portal_sewer_entry_b,
          grunt_decor_cap, minmay_misc_feat_diagonals, uniq_grinder
D:5:      layout_basic, chequers_serial_rivers_small_a
D:6:      layout_loops_cross, minmay_temple_entry_mini_moons,
          ebering_ghost_disaster_area, kennysheep_windowed_goal
D:7:      layout_loops_cross, mainiacjoe_overflow_big_doors, uniq_joseph
D:8:      layout_loops_corners, nicolae_shop_fire_sale [nicolae_sub_dead_trees]
D:9:      layout_cave_pools, serial_demonic, serial_demonic_g, serial_demonic_b,
          serial_demonic_d, serial_demonic_b, serial_demonic_a,
          serial_demonic_c, hellmonk_guarded_unrand_zhor
D:10:     layout_roguey, grunt_temple_overflow_open, david_orc_5, serial_shops,
          nicolae_shop_overgrown_old_shop
D:11:     layout_roguey, david_lair_generic
Temple:   minmay_freezing_vapour_temple
Lair:1:   layout_hall_layers
Lair:2:   layout_gridlike
Lair:3:   layout_long_grid, swamp_mist, nicolae_spider_entry_tight_spaces,
          portal_ice_cave_entry_pillars_2, pf_torpor_hydra
IceCv:    ice_cave_statue_garden_transporter

Skill      XL: |  1  2  3  4  5  6  7  8  9 10 11 12 |
---------------+-------------------------------------+-----
Short Blades   | 1 2 3 5 6 7 |  7.6
Long Blades    | 1 2 3 5 6 7 |  7.6
Axes           | 1 2 3 5 6 7 |  7.6
Polearms       | 1 2 3 5 6 7 |  7.6
Staves         | 1 2 3 5 6 7 |  7.6
Ranged Weapons | 1 2 3 5 6 7 |  7.6
Throwing       | 1 2 3 5 6 7 |  7.6
Armour         | 1 2 3 5 6 7 |  7.6
Shields        | 1 2 3 5 6 7 |  7.6
Unarmed Combat | 1 2 3 5 6 7 |  7.6
Spellcasting   | 1 2 3 5 6 7 |  7.6
Conjurations   | 1 2 3 4 5 6 |  6.3
Hexes          | 1 2 3 4 5 6 |  6.3
Summonings     | 1 2 3 4 5 6 |  6.3
Necromancy     | 1 2 3 4 5 6 |  6.3
Translocations | 1 2 3 4 5 6 |  6.3
Transmutations | 1 2 3 4 5 6 |  6.3
Fire Magic     | 1 2 3 4 5 6 |  6.3
Ice Magic      | 1 2 3 4 5 6 |  6.3
Air Magic      | 1 2 3 4 5 6 |  6.3
Earth Magic    | 1 2 3 4 5 6 |  6.3
Poison Magic   | 1 2 3 4 5 6 |  6.3
Invocations    | 1 2 3 4 5 6 7 8 |  8.3
Evocations     | 1 2 3 5 6 7 |  7.6
Fighting       | 7 8 9 10 | 10.1
Maces & Flails | 7 8 9 10 | 10.1
Dodging        | 7 8 9 10 | 10.1
Stealth        | 5 6 7 8 |  8.8

Action                   |  1- 3 |  4- 6 |  7- 9 | 10-12 || total
-------------------------+-------+-------+-------+-------++-------
Melee: Mace              |    78 |   134 |    93 |       ||   305
       Punch             |     3 |     3 |     4 |    25 ||    35
       Bite              |     7 |    18 |    40 |    95 ||   160
       Hand axe          |       |       |   260 |    88 ||   348
       Unarmed           |       |       |     9 |       ||     9
       Morningstar       |       |       |       |   535 ||   535
Throw: Dart              |       |       |    22 |    11 ||    33
 Cast: Blink             |       |       |       |     2 ||     2
Evoke: Wand              |       |       |       |     1 ||     1
  Use: Scroll            |     3 |     3 |     9 |    13 ||    28
       Potion            |     1 |       |     2 |    11 ||    14
 Stab: Sleeping          |     7 |     2 |    13 |     7 ||    29
       Distracted        |       |     1 |       |     6 ||     7
       Confused          |       |       |     3 |       ||     3
       Petrified         |       |       |       |     2 ||     2
Armor: Robe              |     8 |    28 |    56 |    77 ||   169
       Leather armour    |     3 |       |       |       ||     3
       Steam dragon scal |       |       |    56 |    23 ||    79
       Skin              |       |       |     1 |       ||     1
       Animal skin       |       |       |       |   175 ||   175
Dodge: Dodged            |    57 |   101 |   216 |   574 ||   948
Block: Other             |       |     6 |    79 |   171 ||   256
       Reflection        |       |       |     2 |     2 ||     4

Table legend: (Time is in decaauts)
 A = Elapsed time spent in this place.
 B = Non-inter-level travel time spent in this place.
 C = Inter-level travel time spent in this place.
 D = Time resting spent in this place.
 E = Time spent auto-exploring this place.
 F = Levels seen in this place.
 G = Mean time per level.
                   A        B        C        D        E       F      G
               +--------+--------+--------+--------+--------+-----+--------+
         Total |  13452 |  12753 |    699 |    628 |   8969 |  17 |  791.3 |
       Dungeon |  10697 |  10059 |    638 |    168 |   7551 |  11 |  972.5 |
        Temple |     13 |      3 |     10 |      0 |      0 |   1 |   13.0 |
          Lair |   2405 |   2355 |     50 |    460 |   1251 |   3 |  801.7 |
         Sewer |    310 |    310 |      0 |      0 |    167 |   1 |  310.0 |
      Ice Cave |     25 |     25 |      0 |      0 |      0 |   1 |   25.0 |
               +--------+--------+--------+--------+--------+-----+--------+

Top non-repeatable levels by time:
  Lair:2: 1541 daAuts
     D:8: 1502 daAuts
     D:5: 1194 daAuts
     D:6: 1150 daAuts
     D:2: 998 daAuts
     D:9: 975 daAuts
    D:10: 973 daAuts
    D:11: 922 daAuts
     D:4: 881 daAuts
     D:1: 853 daAuts
  Lair:1: 808 daAuts
     D:7: 675 daAuts
     D:3: 570 daAuts
   Sewer: 310 daAuts
  Lair:3: 55 daAuts
